 Dungeon Crawl Stone Soup version 0.19-a0-1899-g2d93087 (webtiles) character file.

9298 JeffiDaFish the Blocker (level 11, -2/94 HPs)
             Began as a Hill Orc Fighter on Oct 19, 2016.
             Was an Elder of Beogh.
             Killed from afar by an electric eel (6 damage)
             ... with a bolt of electricity
             ... on level 11 of the Dungeon.
             The game lasted 00:56:56 (15365 turns).

JeffiDaFish the Blocker (Hill Orc Fighter)         Turns: 15365, Time: 00:56:56

Health: -2/94      AC: 16    Str: 21    XL:     11   Next: 44%
Magic:  16/16      EV:  9    Int: 12    God:    Beogh [****..]
Gold:   102        SH: 14    Dex: 12    Spells: 5 memorised, 7 levels left

rFire  . . .     SeeInvis .     a - +4 long sword
rCold  . . .     Gourm    .     D - +3 scale mail "Hitrar" {Int+4}
rNeg   . . .     Faith    +     c - +3 shield
rPois  .         Spirit   .     q - +1 helmet
rElec  .         Reflect  .     (no cloak)
rCorr  .         Harm     .     (no gloves)
MR     +....                    i - +2 pair of boots
Stlth  ..........               B - amulet of faith
                                e - +1 ring of slaying
                                m - ring of protection from magic

@: no status effects
A: wild magic 1
a: Smiting, Recall Orcish Followers, Renounce Religion


You were on level 11 of the Dungeon.
You worshipped Beogh.
Beogh was greatly pleased with you.
You were hungry.

You visited 1 branch of the dungeon, and saw 11 of its levels.
You visited the Abyss 1 time.
You also visited: Sewer.

You collected 547 gold pieces.
You spent 445 gold pieces at shops.

Inventory:

Hand Weapons
 a - a +4 long sword (weapon)
Armour
 c - a +3 shield (worn)
 i - a +2 pair of boots (worn)
 q - a +1 helmet (worn)
 D - the +3 scale mail "Hitrar" (worn) {Int+4}
   (You bought it in a shop on level 7 of the Dungeon)

   It affects your intelligence (+4).
Jewellery
 e - a +1 ring of slaying (right hand)
 m - a ring of protection from magic (left hand)
 B - an amulet of faith (around neck)
 E - an uncursed ring of poison resistance
Wands
 b - a wand of heal wounds (5/9)
 o - a wand of iceblast (5/15)
Scrolls
 k - 5 scrolls of teleportation
 s - 2 scrolls of magic mapping
 t - 2 scrolls of amnesia
 x - a scroll of remove curse
Potions
 j - 3 potions of curing
 l - 3 potions of haste
 r - a potion of agility
 A - 4 potions of flight
 C - 2 potions of cure mutation
Books
 d - a book of Changes

   Spells                             Type                      Level
   a - Beastly Appendage              Transmutation                1
   b - Sticks to Snakes               Transmutation                2
   c - Spider Form                    Transmutation/Poison         3
   d - Ice Form                       Ice/Transmutation            4
   e - Blade Hands                    Transmutation                5
 y - a book of Minor Magic

   Spells                             Type                      Level
   a - Magic Dart                     Conjuration                  1
   b - Blink                          Translocation                2
   c - Call Imp                       Summoning                    2
   d - Repel Missiles                 Charms/Air                   2
   e - Slow                           Hexes                        2
   f - Conjure Flame                  Conjuration/Fire             3
   g - Mephitic Cloud                 Conjuration/Poison/Air       3
Comestibles
 f - 7 bread rations
 g - 6 beef jerkies
 h - 5 meat rations
 n - 3 fruits


   Skills:
 + Level 8.0 Fighting
 + Level 8.0 Long Blades
 + Level 7.7 Armour
 - Level 1.7 Dodging
 - Level 0.1 Stealth
 + Level 8.2 Shields
 + Level 3.7 Spellcasting
 + Level 4.8 Conjurations
 + Level 4.0 Hexes
 + Level 4.0 Summonings
 * Level 5.4 Translocations


You had 7 spell levels left.
You knew the following spells:

 Your Spells              Type           Power        Failure   Level  Hunger
a - Magic Dart            Conj           ###.         28%         1    #......
b - Blink                 Tloc           N/A          32%         2    ##.....
c - Slow                  Hex            ###.....     56%         2    ##.....
d - Call Imp              Summ           ###.....     56%         2    ##.....
e - Spider Form           Tmut/Pois      #.........   100%        3    ###....


Dungeon Overview and Level Annotations

Branches:
Dungeon (11/15)            Temple (0/1) D:6             Orc (0/2) D:9
   Lair: D:8-11

Altars:
Ashenzari
Dithmenos
Fedhas
Gozag
Kikubaaqudgha
Makhleb
Nemelex Xobeh
Ru
Uskayaw
Xom
The Shining One

Shops:
D:7 [   D:10 [

Portals:
Trove: D:10 (give +3 storm dragon scales)


Innate Abilities, Weirdness & Mutations

Your spells are a little harder to cast, but a little more powerful.


Message History

The electric eel completely resists.
You hit the electric eel.
The electric eel is moderately wounded.
The electric eel shoots out a bolt of lightning at you!
The bolt of electricity hits you!
* * * LOW HITPOINT WARNING * * *
The bolt of electricity hits you!
* * * LOW HITPOINT WARNING * * *
The bolt of electricity hits the electric eel.
The electric eel completely resists.
You slash the electric eel!
The electric eel is severely wounded.
The electric eel shoots out a bolt of lightning at you!
The bolt of electricity hits you!
* * * LOW HITPOINT WARNING * * *
The electric eel shoots out a bolt of lightning at you!
The bolt of electricity hits you!
* * * LOW HITPOINT WARNING * * *
The bolt of electricity hits you!
You die...

# ########## ####
.##...##.# #%..##
.)).##.#.#######.###
.#...#......#......# ##
###....#.###..#.###...#
##..####..)###.#@..#>##
.###....≈≈....o≈;;..##
≈≈≈≈≈≈≈≈≈≈≈≈≈≈≈≈≈≈≈##
≈≈≈≈≈≈≈≈≈≈≈≈≈≈.≈≈≈≈≈≈≈
≈≈≈.≈≈≈≈≈≈≈≈≈≈≈≈≈≈≈≈≈≈
≈≈≈≈≈≈≈≈≈≈≈≈≈≈≈≈≈≈≈≈≈≈#
≈≈≈≈≈≈≈≈≈≈≈≈≈≈≈≈≈≈≈≈≈≈≈≈
≈≈≈≈≈≈≈≈≈≈≈≈≈≈≈≈≈≈≈≈###≈
≈≈≈≈≈≈≈≈≈≈≈≈≈≈≈≈≈≈≈≈≈


You could see 2 electric eels and a friendly orc knight.

Vanquished Creatures
  3 hill giants
  Pikel (D:6)
  Joseph (D:9)
  Psyche (D:8)
  Grinder (D:6)
  A two-headed ogre (D:9)
  Prince Ribbit (D:6)
  3 wyverns
  2 chaos spawn (D:9)
  2 hungry ghosts
  Grum (D:8)
  A water moccasin (D:10)
  3 slaves (D:6)
  3 sky beasts
  7 orc warriors
  A black bear (D:7)
  A necrophage (D:6)
  3 phantoms
  3 wolves (D:8)
  8 ogres
  6 centaurs
  2 big kobolds
  4 bullfrogs
  3 water moccasin skeletons
  3 wights (D:7)
  2 electric eels (D:11)
  3 crimson imps
  3 jellies
  2 hounds
  5 orc wizards
  2 bullfrog skeletons
  7 orc priests
  Crazy Yiuf (D:7)
  A centaur skeleton (D:4)
  2 iguanas
  8 worker ants
  A worker ant zombie (D:8)
  3 gnolls (D:10)
  15 adders
  A howler monkey skeleton (D:8)
  An adder zombie (D:6)
  2 adder skeletons
  4 worms
  4 leopard geckos
  17 orcs
  5 giant cockroaches
  9 goblins
  5 hobgoblins
  5 jackals
  4 quokkas
  8 bats
  11 kobolds
  A leopard gecko skeleton (D:8)
  A quokka zombie (D:6)
  11 rats
209 creatures vanquished.

Vanquished Creatures (collateral kills)
  A troll (D:10)
  A hippogriff (D:10)
  A warg (D:9)
  A jelly (D:10)
  3 electric eels (D:11)
7 creatures vanquished.

Vanquished Creatures (others)
  A vampire mosquito (D:11)
  A slave (D:6)
  A centaur (D:6)
  2 orc priests (D:9)
  An orc wizard (D:4)
  10 orcs
  A ball python (D:4)
17 creatures vanquished.

Grand Total: 233 creatures vanquished

Notes
Turn   | Place    | Note
-------+----------+-------------------------------------------
     0 | D:1      | JeffiDaFish the Hill Orc Fighter began the quest for the Orb.
     0 | D:1      | Reached XP level 1. HP: 19/19 MP: 1/1
   507 | D:1      | Reached XP level 2. HP: 24/27 MP: 2/2
   667 | D:1      | Found a sparkling altar of Nemelex Xobeh.
  1314 | D:2      | Reached XP level 3. HP: 33/33 MP: 3/3
  2197 | D:3      | Reached XP level 4. HP: 38/40 MP: 4/4
  2801 | D:3      | Reached skill level 1 in Dodging
  2801 | D:3      | Reached XP level 5. HP: 39/46 MP: 5/5
  3321 | D:4      | Found a shattered altar of Ashenzari.
  3460 | D:4      | Reached XP level 6. HP: 45/53 MP: 6/6
  3474 | D:4      | Became a worshipper of Beogh the Brigand
  3855 | D:4      | Noticed a sky beast
  3891 | D:4      | Killed a sky beast
  3891 | D:4      | Reached skill level 5 in Fighting
  3891 | D:4      | Reached skill level 5 in Shields
  3891 | D:4      | Reached XP level 7. HP: 22/61 MP: 7/7
  4280 | D:5      | Entered Level 5 of the Dungeon
  4320 | D:5      | Reached skill level 5 in Long Blades
  4593 | D:5      | Found an ancient bone altar of Kikubaaqudgha.
  4609 | D:5      | Found a glowing drain.
  4697 | D:5      | Learned a level 1 spell: Magic Dart
  4700 | D:5      | Learned a level 2 spell: Blink
  4725 | D:5      | Learned a level 2 spell: Slow
  4726 | Sewer    | Entered a sewer
  4731 | Sewer    | Reached * piety under Beogh
  4901 | Sewer    | Found a white marble altar of Elyvilon.
  5039 | D:5      | Reached skill level 5 in Armour
  5190 | D:5      | Found an opulent altar of Gozag.
  5398 | D:6      | Found a burning altar of Makhleb.
  5400 | D:6      | Found a blossoming altar of Fedhas.
  5416 | D:6      | Reached skill level 1 in Conjurations
  5499 | D:6      | Reached XP level 8. HP: 30/69 MP: 8/8
  5720 | D:6      | Reached skill level 1 in Translocations
  5796 | D:6      | Found a sparkling altar of Nemelex Xobeh.
  5836 | D:6      | Found a shimmering altar of Xom.
  5837 | D:6      | Found a glowing golden altar of the Shining One.
  5841 | D:6      | Found a shadowy altar of Dithmenos.
  6242 | D:6      | Reached skill level 1 in Spellcasting
  6402 | D:6      | Noticed Pikel
  6425 | D:6      | Killed Pikel
  6604 | D:6      | Found a staircase to the Ecumenical Temple.
  6700 | D:6      | Noticed Grinder
  6729 | D:6      | Paralysed by Grinder for 5 turns
  6737 | D:6      | Paralysed by Grinder for 4 turns
  6761 | D:6      | Killed Grinder
  6761 | D:6      | Reached XP level 9. HP: 49/77 MP: 1/11
  6931 | D:6      | Noticed Prince Ribbit
  7389 | D:6      | Killed Prince Ribbit
  7713 | D:6      | Learned a level 2 spell: Call Imp
  7984 | D:7      | Reached ** piety under Beogh
  8123 | D:7      | Reached skill level 1 in Summonings
  8222 | D:7      | Found a runed door.
  8226 | D:7      | Noticed Crazy Yiuf
  8237 | D:7      | Killed Crazy Yiuf
  8554 | D:7      | Reached skill level 1 in Hexes
  8917 | D:7      | Learned a level 3 spell: Spider Form
  8941 | D:7      | Found Odghynk's Antique Armour Shoppe.
  8945 | D:7      | Bought a faintly glowing scale mail for 189 gold pieces
  8955 | D:7      | Identified the +3 scale mail "Hitrar" {Int+4} (You bought it in a shop on level 7 of the Dungeon)
  9281 | D:8      | Found a sacrificial altar of Ru.
  9324 | D:8      | Noticed Psyche
  9330 | D:8      | Cast into level 1 of the Abyss (Psyche)
  9382 | D:8      | Escaped the Abyss
  9394 | D:8      | Killed Psyche
  9394 | D:8      | Reached XP level 10. HP: 20/84 MP: 13/13
 10319 | D:8      | Noticed Grum
 10704 | D:8      | Killed Grum
 10901 | D:9      | Found a shimmering altar of Xom.
 11102 | D:9      | Gained mutation: You are robust. (+10% HP) [potion of mutation]
 11102 | D:9      | Gained mutation: Your spells are a little harder to cast, but a little more powerful. [potion of mutation]
 11102 | D:9      | Lost mutation: You are robust. (+10% HP) [potion of mutation]
 11199 | D:9      | Reached *** piety under Beogh
 11302 | D:9      | Found a staircase to the Orcish Mines.
 11634 | D:9      | Noticed Joseph
 12076 | D:9      | Killed Joseph
 12433 | D:9      | Reached XP level 11. HP: 90/93 MP: 16/16
 12632 | D:9      | Found a hide-covered altar of Uskayaw.
 13021 | D:9      | Noticed a hill giant
 13027 | D:9      | Killed a hill giant
 13227 | D:10     | Entered Level 10 of the Dungeon
 13327 | D:10     | Reached skill level 5 in Translocations
 13431 | D:10     | Got a steaming flail
 13432 | D:10     | Identified the +6 flail of the Hierophant {drain, rElec rC+ Str-2 SInv} (You found it on level 10 of the Dungeon)
 13524 | D:10     | Found Qukk's Antique Armour Emporium.
 13877 | D:10     | Bought a bloodstained helmet for 256 gold pieces
 13887 | D:10     | Identified the +1 helmet of the Insatiable Ghosts {rF+ rCorr Dex-3} (You bought it in a shop on level 10 of the Dungeon)
 14122 | D:10     | Found a portal to a secret trove of treasure.
 14164 | D:10     | Noticed a hill giant
 14174 | D:10     | Killed a hill giant
 14721 | D:11     | Noticed a hill giant
 14732 | D:11     | Killed a hill giant
 15044 | D:11     | Reached **** piety under Beogh
 15365 | D:11     | HP: 4/94 [electric eel/bolt of electricity (8)]
 15365 | D:11     | Killed from afar by an electric eel

Vault maps used:
D:1:      lightli_arrival_statue_moat, hangedman_abyss_or_decor_lesser_grid,
          nemelex_diamond_rough_becter
D:2:      first_bread
D:3:      hangedman_decor_growths
D:4:      overflow_temple_1_default
D:5:      kennysheep_mini_moat, lemuel_doored_altar, gup_sewer_entry_glass
D:6:      nemelex_xobeh_ov_fountains_minmay, nicolae_overflow_hidden_temple,
          uniq_prince_ribbit1, uniq_pikel, uniq_grinder
D:7:      serial_shops, nicolae_shop_behind_doors, uniq_crazy_yiuf_cottage
D:8:      overflow_temple_1_default, uniq_psyche, uniq_grum
D:9:      eat_drink_and_be_merry_uskayaw, david_orc_3, grunt_ogre_cave,
          minmay_guarded_unrand_variability, uniq_joseph
D:10:     enter_trove_3, serial_shops, shop
D:11:     erik_rubicon_a, lair_0_dummy, lab_entry_generic,
          nicolae_gozag_zags_fifth_avenue
Sewer:    sewer_kobolds

Skill      XL: |  1  2  3  4  5  6  7  8  9 10 11 |
---------------+----------------------------------+-----
Fighting       | 4 5 6 7 8 |  8.0
Shields        | 4 5 6 7 8 |  8.2
Armour         | 4 5 6 7 |  7.7
Long Blades    | 3 4 5 6 7 8 |  8.0
Dodging        | 1 |  1.7
Conjurations   | 1 2 3 4 |  4.8
Translocations | 2 3 4 5 |  5.4
Spellcasting   | 1 2 3 |  3.7
Summonings     | 1 3 4 |  4.0
Hexes          | 1 3 4 |  4.0
Stealth        | |  0.1

Action                   |  1- 3 |  4- 6 |  7- 9 | 10-12 || total
-------------------------+-------+-------+-------+-------++-------
Melee: Long sword        |    94 |   218 |   468 |   506 ||  1286
 Cast: Magic Dart        |       |       |     6 |     4 ||    10
       Blink             |       |       |       |     1 ||     1
Invok: Convert to Beogh  |       |     1 |       |       ||     1
  Use: Potion            |     4 |     1 |     9 |     8 ||    22
       Scroll            |     3 |     8 |     5 |    14 ||    30
 Stab: Invisible         |     1 |       |       |     2 ||     3
       Distracted        |       |       |       |     1 ||     1
  Eat: Royal jelly       |     2 |       |       |       ||     2
       Chunk             |     1 |    18 |    15 |    13 ||    47
       Fruit             |       |       |       |     5 ||     5
       Bread ration      |       |       |       |     1 ||     1
       Beef jerky        |       |       |       |     1 ||     1
Armor: Scale mail        |    48 |    95 |   170 |   148 ||   461
Dodge: Dodged            |    28 |    66 |   118 |   127 ||   339
Block: Shield            |    42 |   105 |   216 |   317 ||   680
       Rpst.: Long sword |    10 |    25 |    33 |    41 ||   109
